 Dungeon Crawl Stone Soup version 0.23.0 (webtiles) character file.

Game seed: 3297850791877909606

350 grindst0ne the Charlatan (level 6, -6/48 HPs)
             Began as a Human Artificer on Feb 9, 2019.
             Mangled by HEYYEYAAE's ghost (11 damage)
             ... on level 5 of the Dungeon.
             The game lasted 00:14:26 (5117 turns).

grindst0ne the Charlatan (Human Artificer)          Turns: 5117, Time: 00:14:26

Health: -6/48      AC:  6    Str: 19    XL:     6   Next: 92%
Magic:  9/9        EV: 11    Int: 12    God:
Gold:   198        SH:  0    Dex: 13    Spells: 5/5 levels left

rFire    . . .     SeeInvis .   m - +1 long sword
rCold    . . .     Gourm    .   (no shield)
rNeg     . . .     Faith    .   q - +0 scale mail
rPois    .         Spirit   .   (no helmet)
rElec    .         Reflect  .   (no cloak)
rCorr    +         Harm     .   (no gloves)
MR       .....                  (no boots)
Stlth    ..........             (no amulet)
HPRegen  0.16/turn              h - ring of resist corrosion
MPRegen  0.11/turn              (no ring)

@: mighty
A: no striking features
a: no special abilities


You were on level 5 of the Dungeon.
You were not hungry.

You visited 1 branch of the dungeon, and saw 5 of its levels.

You collected 198 gold pieces.

Inventory:

Hand Weapons
 a - a +0 short sword
 m - a +1 long sword (weapon)
Armour
 q - a +0 scale mail (worn)
Jewellery
 h - a ring of resist corrosion (left hand)
Wands
 c - a wand of flame (11)
 d - a wand of enslavement (15)
 e - a wand of random effects (6)
 s - a wand of polymorph (8)
Scrolls
 b - a scroll of remove curse
 l - 2 scrolls of blinking {unknown}
 n - a scroll of random uselessness {unknown}
 o - a scroll of amnesia {unknown}
 r - a scroll of teleportation
 u - 4 scrolls of fear {unknown}
 v - a scroll of identify
Potions
 g - 2 potions of might
 i - 2 potions of agility
 j - 3 potions of curing
 k - a potion of cancellation {unknown}
 p - 2 potions of brilliance {unknown}
Comestibles
 f - 9 rations


   Skills:
 + Level 3.7 Fighting
 - Level 1.0 Short Blades
 + Level 4.2 Dodging
 - Level 1.0 Stealth
 + Level 4.7 Evocations


You had 5 spell levels left.
You didn't know any spells.
Your spell library contained the following spells:

 Spells                   Type           Power        Failure   Level  Hunger
 Beastly Appendage        Tmut           #.....       71%         1    ##.....
 Sticks to Snakes         Tmut           #.......     85%         2    ###....
 Spider Form              Tmut/Pois      #.........   97%         3    ####...
 Ice Form                 Ice/Tmut       #.......     100%        4    #####..
 Blade Hands              Tmut           #.........   100%        5    ######.


Dungeon Overview and Level Annotations

Branches:
Dungeon (5/15)
 Temple: D:4-7

Altars:

Annotations:
D:5 HEYYEYAAE's ghost, amateur OpHu


Message History

The puff of flame hits HEYYEYAAE's ghost!
HEYYEYAAE's ghost is moderately damaged.
HEYYEYAAE's ghost shouts, "You must not succeed where I failed!"
HEYYEYAAE's ghost hits you!
You feel better. HEYYEYAAE's ghost hits you.
You feel very mighty all of a sudden. HEYYEYAAE's ghost hits you.
You closely miss HEYYEYAAE's ghost.
HEYYEYAAE's ghost is moderately damaged.
HEYYEYAAE's ghost hits you!
* * * LOW HITPOINT WARNING * * *
You closely miss HEYYEYAAE's ghost.
HEYYEYAAE's ghost is moderately damaged.
HEYYEYAAE's ghost hits you but does no damage.
You slash HEYYEYAAE's ghost!
HEYYEYAAE's ghost is severely damaged.
HEYYEYAAE's ghost hits you!
* * * LOW HITPOINT WARNING * * *
HEYYEYAAE's ghost hits you!
You die... ## #. #. #. #.###.#### #.@W...... ##########

You could see HEYYEYAAE's ghost.

Vanquished Creatures
  A phantom (D:4)
  A hound (D:4)
  A bullfrog skeleton (D:4)
  A centaur skeleton (D:3)
  A worker ant (D:4)
  4 adders
  An ooze (D:2)
  An adder skeleton (D:2)
  2 worms (D:2)
  3 dart slugs
  6 leopard geckos
  4 orcs (D:3)
  A ball python (D:3)
  4 bats
  4 giant cockroaches (D:1)
  9 goblins
  11 hobgoblins
  8 jackals (D:1)
  5 frilled lizards
  6 kobolds
  12 rats
86 creatures vanquished.

Notes
Turn   | Place    | Note
-------+----------+-------------------------------------------
     0 | D:1      | grindst0ne the Human Artificer began the quest for the Orb.
     0 | D:1      | Reached XP level 1. HP: 15/15 MP: 3/3
   106 | D:1      | Reached XP level 2. HP: 13/21 MP: 4/4
   803 | D:1      | Reached XP level 3. HP: 22/26 MP: 5/5
  1689 | D:2      | Found a faded altar of an unknown god.
  1695 | D:2      | Reached XP level 4. HP: 25/33 MP: 6/6
  2695 | D:3      | Reached XP level 5. HP: 26/39 MP: 7/7
  3403 | D:3      | Noticed a black bear
  3653 | D:3      | HP: 1/41 [black bear (3)]
  3998 | D:4      | Reached XP level 6. HP: 26/47 MP: 9/9
  4150 | D:4      | Noticed HEYYEYAAE's ghost (amateur OpHu)
  4180 | D:4      | Found a runed translucent door.
  4205 | D:4      | Noticed a phantom
  4227 | D:4      | Killed a phantom
  5111 | D:5      | Entered Level 5 of the Dungeon
  5117 | D:5      | Mangled by HEYYEYAAE's ghost

Skill      XL: |  1  2  3  4  5  6 |
---------------+-------------------+-----
Fighting       | 2 3 |  3.7
Dodging        | 3 4 |  4.2
Evocations     | 4 |  4.7
Short Blades   | |  1.0
Stealth        | |  1.0

Action                   |  1- 3 |  4- 6 || total
-------------------------+-------+-------++-------
Melee: Short sword       |   200 |   189 ||   389
       Long sword        |       |    77 ||    77
Evoke: Wand              |     3 |    15 ||    18
  Use: Scroll            |       |    10 ||    10
       Potion            |       |     3 ||     3
 Stab: Sleeping          |     1 |       ||     1
  Eat: Chunk             |     3 |    11 ||    14
Armor: Leather armour    |    46 |       ||    46
       Scale mail        |     1 |   130 ||   131
Dodge: Dodged            |   146 |   157 ||   303
       Rpst.: Long sword |       |    16 ||    16
